 Dungeon Crawl Stone Soup version 0.31.0-1-g2c135a008e (webtiles) character file.

Game seed: 9203995975216512214

821 qw the Shooter (level 8, -2/58 HPs)
             Began as a Djinni Hunter on Jan 23, 2024.
             Was a Follower of Okawaru.
             Slain by an orc
             ... wielding a +0 club
              (4 damage)
             ... on level 4 of the Dungeon.
             The game lasted 00:00:18 (4140 turns).

qw the Shooter (Djinni Hunter)                      Turns: 4140, Time: 00:00:18

Health: -2/58      AC:  4    Str: 10    XL:     8   Next: 17%
Gold:   211        EV: 14    Int: 10    God:    Okawaru [*.....] SH:  0 Dex: 20

rFire   + + .        m - +0 hand cannon (heavy)
rCold   x . .        (no shield)
rNeg    . . .        i - +1 leather armour "Jioroq" {rPois}
rPois   inf          (no helmet)
rElec   .            (no cloak)
rCorr   .            (no gloves)
SInv    .            (boots unavailable)
Will    .....        (no amulet)
Stlth   ++           (no ring)
HPRegen 0.29/turn    (no ring)
MPRegen 0.00/turn

%: infuse magic (-3 HP)
@: about to teleport, flying
A: sickness immunity, fire resistance 2, cold vulnerability 1, float, innate
caster, HP casting, extra vitality 1
a: Renounce Religion, Heroism


You were on level 4 of the Dungeon.
You worshipped Okawaru.
Okawaru was aware of your devotion.
You visited 2 branches of the dungeon, and saw 6 of its levels.

You collected 211 gold pieces.


Innate Abilities, Weirdness & Mutations

You are immune to sickness and miasma.
You are immune to poison.
Your flesh is very heat resistant. (rF++)
You are vulnerable to cold. (rC-)
You float through the air rather than walking.
You learn spells naturally, not from books.
Your magical power is your life essence.
You have superior vitality. (+4 MHP)


   Skills:
 - Level 4.3 Fighting
 - Level 6.4 Ranged Weapons
 + Level 4.8 Dodging
 - Level 0.7 Stealth
 + Level 0.0 Invocations


You knew the following spells:

 Your Spells              Type           Power      Damage    Failure   Level
a - Slow                  Hex            0%         N/A       45%         1
b - Blink                 Tloc           0%         N/A       61%         2
c - Momentum Strike       Conj/Tloc      0%         3d8       61%         2
Your spell library was empty.

Inventory:

Hand Weapons
 m - a +0 heavy hand cannon (weapon)
Armour
 i - the +1 leather armour "Jioroq" (worn) {rPois}
   (You found it on level 2 of the Dungeon)

   rPois:     It protects you from poison
Potions
 b - 2 potions of curing
 c - 2 potions of cancellation
 d - 2 potions of haste
 g - a potion of might

Dungeon Overview and Level Annotations

Branches:
Dungeon (5/15)             Temple (1/1) D:5

Altars:
Cheibriados
Fedhas
Gozag
Hepliaklqana
Makhleb
Nemelex Xobeh
Okawaru
Ru
Trog
Wu Jian
Xom
Zin
The Shining One


Message History

4131 ||| STAIRDANCE The phantom misses you.
The orc hits you with a +0 hand axe. The orc closely misses you.
You fly upwards.
There is a stone staircase leading down here.
You shoot a bolt.
The bolt hits the phantom but does no damage.
The phantom hits you. The orc hits you with a +0 club. The phantom hits you.
The orc closely misses you. The phantom closely misses you.
You shoot a bolt. The bolt hits the phantom!
The phantom is heavily damaged.
The orc hits you with a +0 club. The phantom hits you.
The orc barely misses you. The phantom barely misses you.
The orc hits you with a +0 club.
You shoot a bolt. The bolt hits the phantom!
The phantom is severely damaged.
The phantom hits you. The orc hits you with a +0 club.
The phantom hits you but does no damage.
The orc hits you with a +0 club. The phantom closely misses you.
You shoot a bolt. The bolt hits the phantom!!
You destroy the phantom!
Okawaru accepts your kill.
You can now gain great but temporary skills.
The orc closely misses you. x2; The orc misses you.
The orc hits you with a +0 hand axe. The orc hits you but does no damage.
You shoot a bolt. The bolt hits the orc.
The orc is severely wounded.
The orc hits you but does no damage. x2; The orc hits you with a +0 hand axe.
The orc hits you with a +0 club.
You shoot a bolt. The bolt closely misses the orc.
The orc hits you with a +0 hand axe. The orc hits you with a +0 club.
The orc closely misses you. The orc hits you but does no damage.
The orc barely misses you. The orc closely misses you.
4139 ||| READING scroll of teleportation.
As you read the scroll of teleportation, it crumbles to dust.
You feel strangely unstable. The orc hits you with a +0 hand axe!
The orc misses you.
You shoot a bolt. The bolt barely misses the orc.
The orc closely misses you. The orc hits you with a +0 club.
You die...

#.#.. ##.## #.# #.#
#.# #.# #.#
########## #.##
#.o@o....# #..#
#.######.# ##.#
#.######.#########.#
#....)..........##..
#.######.######.##..
#.######.........[..
#................#..
#.########.###......
#.# #............


You could see 2 orcs.

Vanquished Creatures
  2 black bears
  2 phantoms (D:4)
  2 bombardier beetles
  3 hounds
  A jelly (D:4)
  An orc priest (D:4)
  An iguana (D:4)
  A sleepcap (D:4)
  2 orc wizards
  3 adders
  A shadow imp (D:5)
  A white imp (D:5)
  4 ufetubi
  2 dart slugs
  9 orcs
  5 ball pythons
  7 bats
  6 endoplasms
  A giant cockroach (D:1)
  11 goblins
  8 hobgoblins
  12 jackals
  3 kobolds
  4 quokkas
  4 frilled lizards
  3 rats
99 creatures vanquished.

Vanquished Creatures (others)
  An arcanist (D:4)
1 creature vanquished.

Grand Total: 100 creatures vanquished

Notes
Turn   | Place    | Note
-------+----------+-------------------------------------------
     0 | D:1      | qw the Djinni Hunter began the quest for the Orb.
     0 | D:1      | Reached XP level 1. HP: 18/18 MP: 0/0
     0 | D:1      | 0 ||| qw: Version: 0.3-a-136-gdd3b4e8
     0 | D:1      | 0 ||| qw: Game counter: 1050
     0 | D:1      | 0 ||| qw: Melee chars always use a shield: true
     0 | D:1      | 0 ||| qw: God list: Okawaru
     0 | D:1      | 0 ||| qw: Allow faded altars: false
     0 | D:1      | 0 ||| qw: Do Orc after clearing Dungeon:15 true
     0 | D:1      | 0 ||| qw: Do second Lair branch before Depths: true
     0 | D:1      | 0 ||| qw: Lair rune preference: random
     0 | D:1      | 0 ||| qw: Goals: Normal
     0 | D:1      | 0 ||| PLANNING D:1-11
   190 | D:1      | Reached XP level 2. HP: 23/23 MP: 0/0
   519 | D:1      | Reached XP level 3. HP: 28/28 MP: 0/0
   519 | D:1      | Learned a level 1 spell: Slow
   522 | D:1      | Reached skill level 4 in Ranged Weapons
   724 | D:1      | 724 ||| READING scroll labelled BUDGHU WISKANEO.
   729 | D:1      | 729 ||| READING 2 scrolls labelled FOEDEI VIFI.
   729 | D:1      | 729 ||| IDENTIFYING glowing silvery potion
   730 | D:1      | 730 ||| DROPPING scroll of butterflies.
   766 | D:2      | Found a faded altar of an unknown god.
   930 | D:2      | Identified the +9 hand axe "Qeankucod" {freeze, rF+ rC+}
   990 | D:2      | Reached XP level 4. HP: 16/34 MP: 0/0
   991 | D:2      | Reached skill level 3 in Fighting
  1172 | D:2      | Identified the +1 leather armour "Jioroq" {rPois}
  1289 | D:2      | Found an ornate altar of the Wu Jian Council.
  1356 | D:2      | 1356 ||| UPGRADING to +0 ring mail.
  1366 | D:2      | 1366 ||| DROPPING +0 leather armour.
  1367 | D:2      | 1367 ||| UPGRADING to +1 leather armour "Jioroq" {rPois}.
  1377 | D:2      | 1377 ||| DROPPING +0 ring mail.
  1378 | D:2      | 1378 ||| READING 4 scrolls of identify.
  1378 | D:2      | 1378 ||| IDENTIFYING 2 cyan potions
  1379 | D:2      | 1379 ||| READING 3 scrolls of identify.
  1379 | D:2      | 1379 ||| IDENTIFYING scroll labelled QYSOERH DOLLAO
  1380 | D:2      | 1380 ||| READING 2 scrolls of identify.
  1380 | D:2      | 1380 ||| IDENTIFYING scroll labelled TUATOS KUNEE
  1381 | D:2      | 1381 ||| DROPPING scroll of fog.
  1382 | D:2      | 1382 ||| DROPPING scroll of noise.
  1513 | D:3      | 1513 ||| STAIRDANCE
  1845 | D:3      | Identified the +0 leather armour of the Catfish {*Corrode
                  | rElec rN+ Int+7}
  1872 | D:3      | 1872 ||| SWAPPING to +0 hand cannon of draining.
  1873 | D:3      | 1873 ||| DROPPING +0 shortbow.
  1898 | D:3      | Reached skill level 3 in Dodging
  1964 | D:3      | Found a blossoming altar of Fedhas.
  2301 | D:3      | Found a sparkling altar of Nemelex Xobeh.
  2428 | D:3      | 2428 ||| DROPPING +0 leather armour of the Catfish
                  | {*Corrode rElec rN+ Int+7}.
  2429 | D:3      | 2429 ||| READING 3 scrolls of identify.
  2429 | D:3      | 2429 ||| IDENTIFYING puce potion
  2430 | D:3      | 2430 ||| READING 2 scrolls of identify.
  2430 | D:3      | 2430 ||| IDENTIFYING murky puce potion
  2431 | D:3      | 2431 ||| READING scroll of identify.
  2431 | D:3      | 2431 ||| IDENTIFYING 2 lumpy pink potions
  2432 | D:3      | 2432 ||| READING scroll labelled YCEPTA YTOTA.
  2432 | D:3      | 2432 ||| BRANDING +0 hand cannon of draining.
  2433 | D:3      | 2433 ||| DRINKING 3 sedimented orange potions.
  2434 | D:3      | 2434 ||| DROPPING potion of ambrosia.
  2435 | D:3      | 2435 ||| DROPPING 2 potions of berserk rage.
  2546 | D:4      | Reached XP level 5. HP: 36/40 MP: 0/0
  2546 | D:4      | Learned a level 2 spell: Blink
  2661 | D:4      | 2661 ||| FLEEEEING.
  2662 | D:4      | 2662 ||| FLEEEEING.
  2663 | D:4      | 2663 ||| STAIRDANCE
  2747 | D:3      | 2747 ||| READING scroll labelled XOMNIKL YFRET.
  2848 | D:3      | 2848 ||| READING scroll labelled GEPUIN JAIMIRR.
  2849 | D:3      | 2849 ||| READING scroll labelled LUNEXE RIEMOMY.
  2856 | D:4      | Reached skill level 5 in Ranged Weapons
  2856 | D:4      | Reached XP level 6. HP: 34/46 MP: 0/0
  3080 | D:4      | Noticed a black bear
  3081 | D:4      | Killed a black bear
  3107 | D:4      | Found an ornate altar of the Wu Jian Council.
  3192 | D:4      | Found a bloodstained altar of Trog.
  3197 | D:4      | Noticed a wizard
  3202 | D:4      | Killed a wizard
  3353 | D:4      | 3353 ||| DROPPING ring of wizardry.
  3397 | D:5      | Entered Level 5 of the Dungeon
  3401 | D:5      | 3401 ||| STAIRDANCE
  3405 | D:5      | 3405 ||| STAIRDANCE
  3460 | D:5      | Reached XP level 7. HP: 53/53 MP: 0/0
  3460 | D:5      | Learned a level 2 spell: Momentum Strike
  3461 | D:5      | 3461 ||| STAIRDANCE
  3565 | D:5      | 3565 ||| STAIRDANCE
  3699 | D:5      | 3699 ||| STAIRDANCE
  3732 | D:5      | Found a staircase to the Ecumenical Temple.
  3733 | D:5      | 3733 ||| PLANNING TEMPLE
  3739 | Temple   | Entered the Ecumenical Temple
  3740 | Temple   | 3740 ||| PLANNING OKAWARU WORSHIP
  3768 | Temple   | Became a worshipper of Warmaster Okawaru
  3769 | Temple   | 3769 ||| PLANNING D:1-11
  3935 | D:5      | 3935 ||| RETREEEEATING.
  3936 | D:5      | 3936 ||| RETREEEEATING.
  3937 | D:5      | 3937 ||| RETREEEEATING.
  3938 | D:5      | 3938 ||| DRINKING 3 potions of curing.
  3938 | D:5      | 3938 ||| (to cure confusion)
  3940 | D:5      | 3940 ||| RETREEEEATING.
  3941 | D:5      | 3941 ||| RETREEEEATING.
  3942 | D:5      | 3942 ||| STAIRDANCE
  4020 | D:4      | 4020 ||| READING 2 scrolls of identify.
  4020 | D:4      | 4020 ||| IDENTIFYING green potion
  4021 | D:4      | 4021 ||| READING scroll of identify.
  4021 | D:4      | 4021 ||| IDENTIFYING scroll labelled NAMEGA AMM
  4022 | D:4      | 4022 ||| DROPPING scroll of amnesia.
  4026 | D:5      | 4026 ||| STAIRDANCE
  4032 | D:5      | 4032 ||| STAIRDANCE
  4037 | D:4      | Reached skill level 6 in Ranged Weapons
  4056 | D:5      | 4056 ||| STAIRDANCE
  4060 | D:5      | Reached XP level 8. HP: 16/58 MP: 0/0
  4060 | D:5      | HP: 12/58 [phantom (5)]
  4061 | D:5      | 4061 ||| READING 2 scrolls of teleportation.
  4062 | D:5      | 4062 ||| DRINKING potion of heal wounds.
  4064 | D:5      | 4064 ||| FLEEEEING.
  4065 | D:5      | 4065 ||| FLEEEEING.
  4066 | D:5      | 4066 ||| FLEEEEING.
  4067 | D:5      | 4067 ||| FLEEEEING.
  4068 | D:5      | 4068 ||| FLEEEEING.
  4069 | D:5      | 4069 ||| STAIRDANCE
  4131 | D:5      | 4131 ||| STAIRDANCE
  4136 | D:4      | Reached * piety under Okawaru
  4138 | D:4      | HP: 11/58 [orc/+0 hand axe (4)]
  4139 | D:4      | 4139 ||| READING scroll of teleportation.
  4139 | D:4      | HP: 2/58 [orc/+0 hand axe (7)]
  4140 | D:4      | Slain by an orc

Levels and vault maps discovered:
D:1:      eino_arrival_water_star, layout_loops_corners
D:2:      layout_rooms, basic_altar, nicolae_ecumenical_oubliette,
          nicolae_twisty_statue_hallways
D:3:      layout_basic, grunt_temple_overflow_growth_and_decay,
          nemelex_dance_club_becter, chequers_serial_rivers_room_b,
          corexii_leaking_fountain, dk_noncrumbling_4
D:4:      layout_loops_ring, mainiacjoe_overflow_boulevard, trog_wizard,
          ldierk_geyser
D:5:      layout_rooms, eat_drink_and_be_merry_uskayaw,
          minmay_temple_entry_tees, st_stairs_11
Temple:   cyrus_temple_forest

Skill      XL: |  1  2  3  4  5  6  7 |
---------------+----------------------+-----
Ranged Weapons | 4 5 6 |  6.4
Fighting       | 3 4 |  4.3
Dodging        | 3 4 |  4.8
Stealth        | |  0.7

Action                     |  1- 3 |  4- 6 |  7- 9 || total
---------------------------+-------+-------+-------++-------
   Fire: Shortbow          |    80 |    55 |       ||   135
         Hand cannon       |       |    54 |    46 ||   100
    Use: Scroll            |     2 |    10 |     4 ||    16
         Potion            |       |     1 |     2 ||     3
 Armour: Leather armour    |    29 |    81 |    82 ||   192
  Dodge: Dodged            |    33 |   108 |    69 ||   210

Table legend:
 A = Non-vault XP
 B = Vault XP
 C = Vault XP percentage of total XP
 D = Non-vault monster count
 E = Vault monster count
 F = Vault count percentage of total count
                 A         B        C        D         E       F
            +---------+---------+-------+---------+---------+-------
      Total |     950 |     224 |  19.1 |      94 |       5 |   5.1
            +---------+---------+-------+---------+---------+-------
        D:1 |      37 |       0 |   0.0 |      20 |       0 |   0.0
        D:2 |      48 |       0 |   0.0 |      18 |       0 |   0.0
        D:3 |      29 |       5 |  14.7 |      17 |       2 |  10.5
        D:4 |     615 |      88 |  12.5 |      27 |       2 |   6.9
        D:5 |     221 |     131 |  37.2 |      12 |       1 |   7.7
            +---------+---------+-------+---------+---------+-------
